cohdb
Replays
Latest Replays
All Replays
Popular Replays
Top Player Replays
Match Explorer
How It Works
Community
CoH3 Stats
Reddit
Sign in to upload your games and track your stats! →
Sign in with Steam
Match 33801019
Unlisted
Match 33801019
Overview
Messages
Build Orders
End
Panzergrenadier Squad
Selects Armored Support Battlegroup
Panzergrenadier Squad
250 Light Carrier
Construct Light Support Kompanie
Combat Half-tracks
2.5-tonne Medical Truck
Selects Salvage Kits
Selects Veteran Gunners
Panzerjäger Squad
Construct Mechanized Kompanie
Selects Salvage Kits
Veteran Squad Leaders
Panzerjäger Squad
Construct Panzerarmee Kommand
Panzerjäger Squad
Selects Panzer Storm
Selects Flammpanzer III Medium Tank
Flammpanzer III Medium Tank
Vehicle Survival Package
Bey2
tlgpa
incememed
Anilingus
Atteges
Let me boom
Voudou Pete
gUi
0
0
Comments
sign in to comment!
No comments posted yet!